 Dungeon Crawl Stone Soup version 0.31.0-32-g396128a36d (webtiles) character file.

Game seed: 11383877199016805424

483 booth the Chopper (level 6, -4/57 HPs)
             Began as a Minotaur Monk on Apr 1, 2024.
             Slain by Duvessa
             ... wielding a +0 short sword
              (7 damage)
             ... on level 4 of the Dungeon.
             The game lasted 00:18:07 (3723 turns).

booth the Chopper (Minotaur Monk)                   Turns: 3723, Time: 00:18:07

Health: -4/57      AC:  5    Str: 18    XL:     6   Next: 87%
Magic:  5/5        EV: 12    Int:  7    God:
Gold:   266        SH:  0    Dex: 18    Spells: 5/5 levels left

rFire   . . .        a - +0 hand axe
rCold   . . .        (no shield)
rNeg    . . .        j - +0 ring mail
rPois   .            (helmet restricted)
rElec   .            (no cloak)
rCorr   .            (no gloves)
SInv    .            (no boots)
Will    .....        g - amulet of the acrobat
Stlth   +            o - +6 ring of dexterity
HPRegen 0.29/turn    (no ring)
MPRegen 0.09/turn

%: acrobat
@: no status effects
A: horns 2, retaliatory headbutt
a: no special abilities


You were on level 4 of the Dungeon.
You visited 1 branch of the dungeon, and saw 4 of its levels.
You also visited: Sewer.

You collected 266 gold pieces.

Inventory:

Hand Weapons
 a - a +0 hand axe (weapon)
 e - a +0 war axe
Missiles
 k - 6 boomerangs (quivered)
Armour
 d - an orb of light
 j - a +0 ring mail (worn)
Jewellery
 g - an amulet of the acrobat (around neck)
 o - a +6 ring of dexterity (left hand)
Wands
 h - a wand of flame (7)
 m - a wand of charming (4)
Scrolls
 f - a scroll of fog
 i - 4 scrolls of teleportation
 n - 3 scrolls of brand weapon {unknown}
Potions
 p - 3 potions of enlightenment


   Skills:
 + Level 6.2 Fighting
 * Level 7.9 Axes
 - Level 3.3 Dodging


You had 5 spell levels left.
You didn't know any spells.
Your spell library contained the following spells:

 Spells                   Type           Power      Damage    Failure   Level
 Slow                     Hex            0%         N/A       63%         1
 Confusing Touch          Hex            0%         N/A       94%         3
 Ozocubu's Armour         Ice            0%         N/A       94%         3
 Sigil of Binding         Hex            0%         N/A       94%         3
 Stone Arrow              Conj/Erth      0%         3d7       94%         3
 Vampiric Draining        Necr           0%         2d6       94%         3
 Animate Armour           Summ/Erth      0%         N/A       100%        4
 Metabolic Englaciation   Hex/Ice        0%         N/A       100%        5
 Sculpt Simulacrum        Ice/Alch       0%         N/A       100%        6
 Lehudib's Crystal Spear  Conj/Erth      0%         10d2      100%        8


Dungeon Overview and Level Annotations

Branches:
Dungeon (4/15)              Sewer (visited)
 Temple: D:4-7

Altars:
Gozag
Makhleb
Yredelemnul

Annotations:
D:4 Duvessa


Innate Abilities, Weirdness & Mutations

You have a pair of horns on your head.
You reflexively headbutt those who attack you in melee.


Message History

As you open the door, it creaks loudly!
Duvessa goes berserk!
Duvessa rages.
Duvessa rages.
There is an open door here.
You hit Duvessa but do no damage.
Duvessa hits you with a +0 short sword! x2
You hit Duvessa but do no damage. Duvessa hits you with a +0 short sword!
You hit Duvessa. You headbutt Duvessa.
Duvessa is lightly wounded.
Duvessa barely misses you.
You hit Duvessa but do no damage.
Duvessa is lightly wounded.
Duvessa hits you with a +0 short sword!
* * * LOW HITPOINT WARNING * * *
Duvessa hits you with a +0 short sword.
* * * LOW HITPOINT WARNING * * *
You are confused.
You feel invigorated. Duvessa hits you with a +0 short sword.
* * * LOW HITPOINT WARNING * * *
You hit Duvessa. Your headbutt misses Duvessa.
Duvessa is lightly wounded.
Duvessa hits you with a +0 short sword!
* * * LOW HITPOINT WARNING * * *
Duvessa hits you with a +0 short sword.
* * * LOW HITPOINT WARNING * * *
You barely miss Duvessa.
Duvessa is lightly wounded.
Duvessa hits you with a +0 short sword.
* * * LOW HITPOINT WARNING * * *
You bump into the rock wall.
You feel less invigorated.
You feel less confused. Duvessa barely misses you.
Duvessa hits you with a +0 short sword.
* * * LOW HITPOINT WARNING * * *
You hit Duvessa but do no damage.
Duvessa is lightly wounded.
Duvessa barely misses you. You furiously retaliate!
You headbutt Duvessa. You barely miss Duvessa.
You headbutt Duvessa, but do no damage.
Duvessa is lightly wounded.
Duvessa hits you with a +0 short sword!
You die...

##.##.##.#
..###.##.##.#
............#
###.####....###
#~###~~##'..#
#~'~~~~รท~#..#
#.'~~~~~~#..#
#~###~~##e.##
### ####.@##
.......##
#######


You could see Duvessa (berserk).

Vanquished Creatures
  2 crocodiles (Sewer)
  Dowan (D:4)
  A jelly (D:4)
  Terence (D:2)
  An iguana (D:3)
  A sickly merfolk siren (Sewer)
  A malarious merfolk avatar (Sewer)
  4 adders
  A river rat (Sewer)
  2 dart slugs
  4 endoplasms (D:1)
  5 giant cockroaches
  8 goblins
  7 hobgoblins
  3 jackals (D:2)
  8 kobolds
  6 quokkas
  10 ball pythons
  8 bats
  6 frilled lizards
  26 rats
106 creatures vanquished.

Notes
Turn   | Place    | Note
-------+----------+-------------------------------------------
     0 | D:1      | booth the Minotaur Monk began the quest for the Orb.
     0 | D:1      | Reached XP level 1. HP: 19/19 MP: 0/0
   227 | D:1      | Reached skill level 4 in Axes
   236 | D:1      | Reached XP level 2. HP: 16/27 MP: 1/1
  1436 | D:2      | Reached XP level 3. HP: 33/33 MP: 2/2
  1617 | D:2      | Noticed Terence
  1639 | D:2      | Killed Terence
  1640 | D:2      | Reached skill level 5 in Axes
  1813 | D:2      | Reached XP level 4. HP: 37/38 MP: 3/3
  2439 | D:3      | Found an opulent altar of Gozag.
  2560 | D:3      | Found a burning altar of Makhleb.
  2665 | D:3      | Found a basalt altar of Yredelemnul.
  2760 | D:3      | Reached skill level 6 in Axes
  2984 | D:4      | Reached skill level 5 in Fighting
  2984 | D:4      | Reached XP level 5. HP: 41/48 MP: 4/4
  3045 | D:4      | Noticed Dowan
  3076 | D:4      | Killed Dowan
  3105 | D:4      | Noticed Duvessa
  3152 | D:4      | Found a glowing drain.
  3157 | Sewer    | Entered a sewer
  3245 | Sewer    | Reached XP level 6. HP: 56/56 MP: 5/5
  3248 | Sewer    | Reached skill level 7 in Axes
  3720 | D:4      | HP: 2/57 [Duvessa/+0 short sword (6)]
  3723 | D:4      | Slain by Duvessa

Illustrated notes

Levels and vault maps discovered:
D:1:      amcnicky_arrival_abandoned_market, layout_basic, chequers_big_river,
          minmay_gold_behind_fungi
D:2:      layout_basic, uniq_terence
D:3:      layout_rooms, mainiacjoe_overflow_24_doors,
          mainiacjoe_overflow_alcove_4, grunt_gozag_breadcrumbs,
          corexii_corridor_pit, kennysheep_generic_room_6
D:4:      layout_loops_cross, gup_sewer_entry_bowl, uniq_blork_the_orc,
          uniq_pikel, uniq_duvessa

Skill      XL: |  1  2  3  4  5  6 |
---------------+-------------------+-----
Axes           | 4 5 6 7 |  7.9
Fighting       | 4 5 6 |  6.2
Dodging        | |  3.3

Action                     |  1- 3 |  4- 6 || total
---------------------------+-------+-------++-------
  Melee: Hand axe          |    79 |   179 ||   258
         Headbutt          |    13 |    20 ||    33
         Punch             |       |     1 ||     1
  Throw: Boomerang         |     3 |     5 ||     8
    Use: Scroll            |     2 |     6 ||     8
         Potion            |       |     4 ||     4
 Armour: Robe              |    14 |       ||    14
         Ring mail         |    17 |    80 ||    97
  Dodge: Dodged            |    44 |   103 ||   147
